 Dungeon Crawl Stone Soup version 0.29.1-4-g47bece8355 (webtiles) character file.

Game seed: 5639289852493769406

1 ChadusMaximus the Caller (level 1, -1/10 HPs)
             Began as a Deep Elf Summoner on Dec 4, 2022.
             Slain by a gnoll
             ... wielding a +0 club
              (8 damage)
             ... on level 1 of the Dungeon.
             The game lasted 00:00:05 (18 turns).

ChadusMaximus the Caller (Deep Elf Summoner)          Turns: 18, Time: 00:00:05

Health: -1/10      AC:  2    Str:  5    XL:     1   Next: 16%
Magic:  5/6        EV: 12    Int: 19    God:
Gold:   0          SH:  0    Dex: 15    Spells: 5/6 levels left

rFire   . . .      SeeInvis .   (no weapon)
rCold   . . .      Faith    .   (no shield)
rNeg    . . .      Spirit   .   a - +0 robe
rPois   .          Reflect  .   (no helmet)
rElec   .          Harm     .   (no cloak)
rCorr   .          Rampage  .   (no gloves)
Will    .....                   (no boots)
Stlth   ++........              (no amulet)
HPRegen 0.03/turn               (no ring)
MPRegen 0.10/turn               (no ring)

@: no status effects
A: no striking features
a: no special abilities


You were on level 1 of the Dungeon.
You visited 1 branch of the dungeon, and saw 1 of its levels.

Inventory:

Armour
 a - a +0 robe (worn)
Potions
 b - a potion of magic


   Skills:
 + Level 2.4 Dodging
 + Level 2.4 Stealth
 + Level 3.0 Spellcasting
 + Level 4.4 Summonings


You had 5 spell levels left.
You knew the following spells:

 Your Spells              Type           Power      Damage    Failure   Level
a - Summon Small Mammal   Summ           76%        N/A       2%          1

Your spell library contained the following spells:

 Spells                   Type           Power      Damage    Failure   Level
 Call Imp                 Summ           19%        N/A       3%          2
 Call Canine Familiar     Summ           19%        N/A       8%          3
 Summon Guardian Golem    Hex/Summ       11%        N/A       19%         3
 Summon Lightning Spire   Summ/Air       11%        N/A       52%         4


Dungeon Overview and Level Annotations

Branches:
Dungeon (1/15)

Altars:


Message History

The goblin shouts!
Casting: Summon Small Mammal (safe; 2% risk of failure)
Confirm with . or Enter, or press ? or * to list all spells.
Casting: Summon Small Mammal (safe; 2% risk of failure)
Confirm with . or Enter, or press ? or * to list all spells.
A giant cockroach comes into view.
Your bat hits the goblin.
Your quokka bites the goblin.
The goblin dies!
The giant cockroach bites the plant.
The plant begins to die.
The gnoll barely misses your quokka.
Things that are here:
a +0 club; a goblin corpse You swap places.
The giant cockroach bites the plant.
The plant begins to die.
Your quokka bites the gnoll.
Your bat hits the plant. The gnoll hits you with a +0 club.
You closely miss the gnoll.
The gnoll is lightly wounded.
Your bat hits the plant.
The plant begins to die.
The giant cockroach bites the plant.
Your bat hits the plant.
Your quokka barely misses the gnoll.
The giant cockroach bites the plant.
Your bat hits the plant. The gnoll closely misses you.
You closely miss the gnoll.
The gnoll is lightly wounded.
Your bat hits the plant. x2
Your quokka bites the gnoll but does no damage.
The gnoll barely misses your quokka.
Unknown command.
You barely miss the gnoll.
The gnoll is lightly wounded.
A nearby plant withers and dies.
Your quokka bites the gnoll but does no damage.
The gnoll hits you with a +0 club.
You hit the gnoll but do no damage.
The gnoll is lightly wounded.
A nearby plant withers and dies.
Your bat closely misses the giant cockroach.
Your quokka bites the gnoll but does no damage.
The gnoll hits you with a +0 club!
Ouch! That really hurt!
You die...

##.........
######.......## #
#............#
####.#............#
.....#......####.##
P!$P....>...# .#
..PPP.......# #
.PPPP..)....#
.P..Pbr@....#
....P.g........
...PB.#########
.P.... ......
##.... #... #..


You could see a gnoll (ally target), a giant cockroach (ally target), a friendly
quokka (summoned) and a friendly bat (summoned).

Vanquished Creatures (collateral kills)
  A goblin (D:1)
1 creature vanquished.

Vanquished Creatures (others)
  2 plants (D:1)
2 creatures vanquished.

Grand Total: 3 creatures vanquished

Notes
Turn   | Place    | Note
-------+----------+-------------------------------------------
     0 | D:1      | ChadusMaximus the Deep Elf Summoner began the quest for the
                  | Orb.
     0 | D:1      | Reached XP level 1. HP: 10/10 MP: 6/6
    18 | D:1      | Slain by a gnoll

Illustrated notes

Levels and vault maps discovered:
D:1:      dpeg_arrival_tiny_a, layout_basic, nicolae_grassy_gnolls

Action                   || total
-------------------------++-------
Melee: Unarmed           ||     4
 Cast: Summon Small Mamm ||     2
Dodge: Dodged            ||     1
